 Dungeon Crawl Stone Soup version 0.17.1-2-g5865329 (webtiles) character file.

109 Pepeogr the Shield-Bearer (level 4, -1/29 HPs)
             Began as a Gargoyle Fighter on Feb 10, 2016.
             Was an Initiate of Okawaru.
             Slain by Pepeogr's ghost (4 damage)
             ... on level 3 of the Dungeon.
             The game lasted 00:11:53 (1566 turns).

Pepeogr the Shield-Bearer (Gargoyle Fighter)        Turns: 1566, Time: 00:11:54

Health: -1/29      AC: 10    Str: 20    XL:     4   Next: 89%
Magic:  4/4        EV:  8    Int:  9    God:    Okawaru [......]
Gold:   106        SH:  9    Dex:  9    Spells: 0 memorised, 3 levels left

rFire  . . .     SeeInvis .       - Unarmed
rCold  . . .     Clarity  .     a - +0 scale mail
rNeg   + . .     SustAt   .     b - +0 shield
rPois  ∞         Gourm    .     (no helmet)
rElec  +         Spirit   .     (no cloak)
rCorr  .         Warding  .     (no gloves)
rMut   .         Stasis   .     (no boots)
MR     .....                    (no amulet)
Stlth  ..........               (no ring)
                                n - ring of flight

@: not resistant to hostile enchantments, extremely unstealthy
A: negative energy resistance 1, electricity resistance, unbreathing,
petrification resistance, rot immunity, AC +3
a: Renounce Religion, Evoke Flight


You were on level 3 of the Dungeon.
You worshipped Okawaru.
Okawaru was noncommittal.
You were very full.

You visited 1 branch of the dungeon, and saw 3 of its levels.

You collected 106 gold pieces.

Inventory:

Armour
 a - a +0 scale mail (worn)
 b - a +0 shield (worn)
Jewellery
 i - a +3 ring of protection {unknown}
 n - a ring of flight (left hand)
Scrolls
 e - 3 scrolls of magic mapping {unknown}
 f - 2 scrolls of teleportation {unknown}
 h - 2 scrolls of identify {unknown}
 m - a scroll of blinking {unknown}
Potions
 c - a potion of might
 d - a potion of poison {unknown}
 g - a potion of mutation {unknown}
 j - a potion of resistance {unknown}
 l - a potion of brilliance {unknown}


   Skills:
 + Level 3.8 Fighting
 + Level 3.8 Armour
 + Level 1.7 Dodging
 + Level 4.1 Shields
 + Level 2.3 Unarmed Combat


You had 3 spell levels left.
You didn't know any spells.

Dungeon Overview and Level Annotations

Branches:
Dungeon (3/15)

Altars:
Okawaru

Annotations:
D:3 Pepeogr's ghost, amateur DrBe


Innate Abilities, Weirdness & Mutations

You are resistant to torment.
Your stone body is resilient (AC +3).
You are immune to poison.
You resist negative energy.
You are resistant to electric shocks.
You can survive without breathing.
You are immune to petrification.
You are immune to rotting.


Message History

Pepeogr's ghost hits you.
* * * LOW HITPOINT WARNING * * *
You continue eating.
Pepeogr's ghost completely misses you.
You continue eating.
You block Pepeogr's ghost's attack.
You finish eating.
That meat ration really hit the spot!
You miss Pepeogr's ghost.
Pepeogr's ghost is heavily damaged.
You block Pepeogr's ghost's attack.
Your shield and scale mail prevent you from hitting Pepeogr's ghost.
Pepeogr's ghost is heavily damaged.
Pepeogr's ghost hits you.
* * * LOW HITPOINT WARNING * * *
Pepeogr's ghost hits you.
* * * LOW HITPOINT WARNING * * *
You hit Pepeogr's ghost.
Pepeogr's ghost is heavily damaged.
Pepeogr's ghost hits you.
You die...

#### #### #.. ..# #.#
##.###### ##.##
###.......
#######...###(...†#.#.#.#
.....[..........(.)......
..#####...###.##.##.#.#.#
..# ##.## #..W@.......
..# #.# #.##.####.## ..#
#.# #.##.# # #.# #.#
#.##.# #.# #.# #.##.# #.#
#.. .....# #.# #.# #..###
#.# #.. #.#


You could see Pepeogr's ghost.

Vanquished Creatures
  6 adders
  An ooze (D:3)
  A worm (D:3)
  An orc (D:3)
  A ball python (D:3)
  6 bats
  2 giant cockroaches
  8 goblins
  6 hobgoblins
  2 jackals (D:1)
  A quokka (D:2)
  2 giant newts (D:1)
  8 kobolds
  2 rats
47 creatures vanquished.

Notes
Turn   | Place    | Note
--------------------------------------------------------------
     0 | D:1      | Pepeogr the Gargoyle Fighter began the quest for the Orb.
     0 | D:1      | Reached XP level 1. HP: 14/14 MP: 1/1
    80 | D:1      | Reached XP level 2. HP: 10/19 MP: 2/2
   504 | D:1      | Reached skill level 1 in Dodging
   509 | D:1      | Found an iron altar of Okawaru.
   521 | D:1      | Became a worshipper of Warmaster Okawaru
   808 | D:2      | Reached XP level 3. HP: 21/23 MP: 3/3
  1193 | D:3      | Reached XP level 4. HP: 19/29 MP: 4/4
  1207 | D:3      | Reached skill level 4 in Shields
  1472 | D:3      | Noticed Pepeogr's ghost (amateur DrBe)
  1566 | D:3      | Slain by Pepeogr's ghost

Action                   |  1- 3 |  4- 6 || total
-------------------------+-------+-------++-------
Melee: Unarmed           |   187 |   169 ||   356
  Eat: Bread ration      |     1 |       ||     1
       Meat ration       |       |     1 ||     1
